 Dungeon Crawl Stone Soup version 0.23-a0-269-g65e0026 (webtiles) character file.

33 Amnesiac the Digger (level 3, 0/24 HPs)
             Began as a Human Earth Elementalist on Sept 30, 2018.
             Slain by a jackal (2 damage)
             ... on level 2 of the Dungeon.
             The game lasted 00:01:09 (469 turns).

Amnesiac the Digger (Human Earth Elementalist)       Turns: 469, Time: 00:01:10

Health: 0/24       AC:  2    Str:  8    XL:     3   Next: 47%
Magic:  1/6        EV: 12    Int: 16    God:
Gold:   0          SH:  0    Dex: 13    Spells: 6/7 levels left

rFire    . . .     SeeInvis .   (no weapon)
rCold    . . .     Gourm    .   (no shield)
rNeg     . . .     Faith    .   c - +0 robe
rPois    .         Spirit   .   (no helmet)
rElec    .         Reflect  .   (no cloak)
rCorr    .         Harm     .   (no gloves)
MR       .....                  (no boots)
Stlth    ++........             (no amulet)
HPRegen  0.08/turn              (no ring)
MPRegen  0.10/turn              (no ring)

@: no status effects
A: no striking features
a: no special abilities


You were on level 2 of the Dungeon.
You were not hungry.

You visited 1 branch of the dungeon, and saw 2 of its levels.

Inventory:

Missiles
 b - 16 stones (quivered)
Armour
 c - a +0 robe (worn)
Potions
 e - a potion of brilliance {!q, unknown}
 f - a potion of heal wounds {!q, unknown}
Comestibles
 d - a ration


   Skills:
 - Level 2.0 Dodging
 - Level 2.0 Stealth
 + Level 2.5 Spellcasting
   Level 1.0 Transmutations
 * Level 3.9 Earth Magic


You had 6 spell levels left.
You knew the following spells:

 Your Spells              Type           Power        Failure   Level  Hunger
a - Sandblast             Erth           ##....       4%          1    #......

Your spell library contained the following spells:

 Spells                   Type           Power        Failure   Level  Hunger
 Passwall                 Tmut/Erth      #.......     11%         2    ##.....
 Stone Arrow              Conj/Erth      #.....       26%         3    ###....
 Petrify                  Tmut/Erth      #.......     56%         4    #####..
 Lee's Rapid Deconstruct  Erth           ##........   73%         5    ######.


Dungeon Overview and Level Annotations

Branches:
Dungeon (2/15)

Altars:

Annotations:
D:2 Sigmund


Message History

A magic dart appears from out of thin air!
The magic dart hits you!
There is a stone staircase leading down here.
Autopickup is now on.
You hear some strange, mumbled words.
Deactivating autopickup; reactivate with Ctrl-A.
Something tries to affect you, but you resist.
You climb downwards.
Level annotation: Jessica, Sigmund Jessica looks very angry.
Jessica mumbles some strange words.
Jessica blinks!
There is a stone staircase leading up here.
Casting: Sandblast (safe; 5% risk of failure)
Confirm with . or Enter, or press ? or * to list all spells.
Aiming: Sandblast (safe; 5% risk of failure)
Press: ? - help, Shift-Dir - straight line, f - Jessica
Aim: Jessica, wielding a dagger and wearing a glowing robe The blast of sand hits Jessica.
Jessica is moderately wounded.
b - 19 stones The jackal barks! x2; You hear an angry hiss.
Jessica hits you with a dagger.
* * * LOW HITPOINT WARNING * * *
Unknown command.
Casting: Sandblast (safe; 5% risk of failure)
Confirm with . or Enter, or press ? or * to list all spells.
Aiming: Sandblast (safe; 5% risk of failure)
Press: ? - help, Shift-Dir - straight line, f/p - Jessica
Aim: Jessica, wielding a dagger and wearing a glowing robe (moderately wounded)
The blast of sand hits Jessica.
Jessica is severely wounded.
b - 18 stones The jackal closely misses you.
The jackal barely misses you. Jessica hits you with a dagger.
* * * LOW HITPOINT WARNING * * *
The jackal closely misses you. x3
Unknown command.
Casting: Sandblast (safe; 5% risk of failure)
Confirm with . or Enter, or press ? or * to list all spells.
Aiming: Sandblast (safe; 5% risk of failure)
Press: ? - help, Shift-Dir - straight line, f/p - Jessica
Aim: Jessica, wielding a dagger and wearing a glowing robe (severely wounded)
The blast of sand hits Jessica.
Jessica is severely wounded.
b - 17 stones The jackal closely misses you.
Jessica barely misses you.
An adder comes into view.
The jackal misses you. The jackal barely misses you. The quokka misses you.
Unknown command.
Casting: Sandblast (safe; 5% risk of failure)
Confirm with . or Enter, or press ? or * to list all spells.
Aiming: Sandblast (safe; 5% risk of failure)
Press: ? - help, Shift-Dir - straight line, f/p - Jessica
Aim: Jessica, wielding a dagger and wearing a glowing robe (severely wounded)
The blast of sand hits Jessica.
You kill Jessica!
You have reached level 3!
Your experience leads to an increase in your attributes!
Increase (S)trength, (I)ntelligence, or (D)exterity?
You feel clever.
b - 16 stones The jackal barely misses you. x2; The jackal bites you.
You die...

#######
##.....##
##...h...#.#
#....@h..S.#
#.8.r)h.8..#
#.......)..#
#...8.8....#
#.........##
#.8.....8.#
#.?..<....#
##.......##
##.....##


You could see an adder, a quokka and 3 jackals.

Vanquished Creatures
  Jessica (D:2)
  A leopard gecko (D:1)
  A goblin (D:2)
  A jackal (D:1)
  A frilled lizard (D:1)
  3 rats (D:1)
8 creatures vanquished.

Notes
Turn   | Place    | Note
-------+----------+-------------------------------------------
     0 | D:1      | Amnesiac the Human Earth Elementalist began the quest for
                  | the Orb.
     0 | D:1      | Reached XP level 1. HP: 13/13 MP: 3/3
   184 | D:2      | Noticed Sigmund
   184 | D:2      | Noticed Jessica
   185 | D:2      | Reached XP level 2. HP: 19/19 MP: 1/5
   469 | D:2      | Killed Jessica
   469 | D:2      | Reached XP level 3. HP: 2/24 MP: 1/6
   469 | D:2      | Slain by a jackal

Vault maps used:
D:1:      dpeg_arrival_tiny_j, corexii_leaking_fountain
D:2:      zin_scriptorium, grunt_ministairs_10, uniq_sigmund, uniq_jessica,
          uniq_crazy_yiuf_cottage

Action                   || total
-------------------------++-------
Melee: Unarmed           ||     6
 Cast: Sandblast         ||    14
Armor: Robe              ||     3
Dodge: Dodged            ||    18

Table legend:
 A = Non-vault XP
 B = Vault XP
 C = Vault XP percentage of total XP
 D = Non-vault monster count
 E = Vault monster count
 F = Vault count percentage of total count
                 A         B        C        D         E       F
            +---------+---------+-------+---------+---------+-------
      Total |       7 |      41 |  85.4 |       5 |       3 |  37.5
            +---------+---------+-------+---------+---------+-------
        D:1 |       7 |       2 |  22.2 |       5 |       1 |  16.7
        D:2 |       0 |      39 | 100.0 |       0 |       2 | 100.0
            +---------+---------+-------+---------+---------+-------
